cohdb
Replays
Latest Replays
All Replays
Popular Replays
Top Player Replays
Match Explorer
How It Works
Community
CoH3 Stats
Reddit
Sign in to upload your games and track your stats! →
Sign in with Steam
Match 43248956
Unlisted
Match 43248956
Overview
Messages
Build Orders
End
Construct Barracks
Riflemen Squad
Riflemen Squad
Grenade Package
Riflemen Squad
Infantry Support Center
M1 Mortar Team
Selects Advanced Infantry Battlegroup
Selects Convert to Ranger Squad
M1918 Browning Automatic Rifles
Construct Weapon Support Center
Selects Frontline Medical Station
Frontline Medical Station
M3 Armored Personnel Carrier
Selects Ammunition Storage
Engineer Squad
Selects M2A1 105mm Howitzer Emplacement
Selects Infantry Assault
Selects 155mm Rapid Artillery Barrage
Infantry Assault
迷失之解脱者
matrix4x4
NA
wpedsa
homig
kerem
Panzer Vor Doctrine
杨司令
0
0
Comments
sign in to comment!
No comments posted yet!